 Dungeon Crawl Stone Soup version 0.25.1-2-g60ff931df9 (webtiles) character file.

Game seed: 15813924626983676918

52 DildoBatman the Magician (level 4, -2/30 HPs)
             Began as a Formicid Wizard on Aug 26, 2020.
             Slain by a rat (3 damage)
             ... on level 2 of the Dungeon.
             The game lasted 00:03:05 (1512 turns).

DildoBatman the Magician (Formicid Wizard)          Turns: 1512, Time: 00:03:06

Health: -2/30      AC:  2    Str: 12    XL:     4   Next: 8%
Magic:  4/8        EV: 12    Int: 18    God:
Gold:   36         SH:  0    Dex:  9    Spells: 2/9 levels left

rFire    . . .     SeeInvis +   j - +0 short sword
rCold    . . .     Gourm    .   (no shield)
rNeg     . . .     Faith    .   a - +0 robe
rPois    .         Spirit   .   (helmet unavailable)
rElec    .         Reflect  .   (no cloak)
rCorr    .         Harm     .   (no gloves)
MR       .....                  (no boots)
Stlth    ++........             (no amulet)
HPRegen  0.10/turn              (no ring)
MPRegen  0.11/turn              (no ring)

@: no status effects
A: permanent stasis, dig shafts and tunnels, four strong arms, antennae 3
a: Dig, Shaft Self


You were on level 2 of the Dungeon.
You were not hungry.

You visited 1 branch of the dungeon, and saw 2 of its levels.

You collected 36 gold pieces.

Inventory:

Hand Weapons
 f - a +0 dagger
 j - a +0 short sword (weapon)
Missiles
 i - 140 stones (quivered)
 k - a throwing net
Armour
 a - a +0 robe (worn)
 b - a +2 kite shield
Scrolls
 e - a scroll of fear {unknown}
 g - a scroll of enchant weapon {unknown}
 l - a scroll of remove curse {unknown}
Potions
 c - a potion of flight {unknown}
 h - a potion of might {unknown}
Comestibles
 v - 2 rations


   Skills:
 - Level 1.7 Dodging
 - Level 2.4 Stealth
 - Level 3.2 Spellcasting
 * Level 3.2 Conjurations
   Level 1.0 Summonings
   Level 0.8 Translocations


You had 2 spell levels left.
You knew the following spells:

 Your Spells              Type           Power        Failure   Level  Hunger
a - Conjure Flame         Conj/Fire      #.......     24%         3    ###....
c - Magic Dart            Conj           ##..         4%          1    None
e - Mephitic Cloud        Conj/Pois/Air  #.......     30%         3    ###....

Your spell library contained the following spells:

 Spells                   Type           Power        Failure   Level  Hunger
 Call Imp                 Summ           #.......     16%         2    ##.....
 Slow                     Hex            #.......     24%         2    ##.....
 Blink                    Tloc           Unusable     N/A         2    N/A

Dungeon Overview and Level Annotations

Branches:
Dungeon (2/15)

Altars:

Annotations:
D:2 Sigmund


Innate Abilities, Weirdness & Mutations

You cannot be hasted, slowed, berserked, paralysed or teleported.
You can dig through walls and to a lower floor.
Your four strong arms can wield two-handed weapons with a shield.
You have a pair of large antennae on your head. (SInv)


Message History

Orders for allies: a - Attack new target. r - Retreat! s - Stop attacking. g - Guard the area. f - Follow me.
Anything else - Cancel.
You shout for attention!
Sigmund barely misses you. The rat bites you. The bat closely misses you.
The kobold closely misses you. What are your orders? t - Shout!
Orders for allies: a - Attack new target. r - Retreat! s - Stop attacking. g - Guard the area. f - Follow me.
Anything else - Cancel.
You shout for attention!
You hear a shout!
The bat hits you but does no damage. x2
The rat bites you.
You die...

................#.......
.#..............#....=...
.##............[#.........
#......#.....<..........
#......#....)#.#........
#...........>.........#.
####..#.........#.......
##.#.......b..#......
#..#......@K@.w....@
##.#.......r..r.....
#.........h........
###................
##..........#.#... .
#######.................
.##.......................
.........)...............
....................#...


You could see Sigmund, a worm, a jackal, a bat, a kobold and 2 rats.

Vanquished Creatures
  An adder (D:2)
  A gnoll (D:1)
  A dart slug (D:1)
  2 leopard geckos (D:1)
  A ball python (D:1)
  2 giant cockroaches (D:1)
  6 goblins
  A hobgoblin (D:1)
  7 kobolds
  5 bats
  2 rats
29 creatures vanquished.

Notes
Turn   | Place    | Note
-------+----------+-------------------------------------------
     0 | D:1      | DildoBatman the Formicid Wizard began the quest for the
                  | Orb.
     0 | D:1      | Reached XP level 1. HP: 13/13 MP: 4/4
    74 | D:1      | Reached skill level 1 in Conjurations
   204 | D:1      | Reached XP level 2. HP: 19/19 MP: 0/6
   672 | D:1      | Reached XP level 3. HP: 15/24 MP: 0/7
   677 | D:1      | Learned a level 3 spell: Conjure Flame
   681 | D:1      | Learned a level 3 spell: Mephitic Cloud
  1331 | D:2      | Noticed Sigmund
  1480 | D:2      | Reached XP level 4. HP: 26/30 MP: 0/8
  1511 | D:2      | HP: 1/30 [rat (1)]
  1512 | D:2      | Slain by a rat

Illustrated notes

Levels and vault maps discovered:
D:1:      matt_arrival_spirals, layout_basic
D:2:      layout_rooms, minmay_misc_feat_alley, uniq_sigmund, uniq_natasha

Skill      XL: |  1  2  3 |
---------------+----------+-----
Conjurations   | 1 2 3 |  3.2
Dodging        | |  1.7
Stealth        | |  2.4
Spellcasting   | |  3.2
Summonings     | |  1.0
Translocations | |  0.8

Action                   |  1- 3 |  4- 6 || total
-------------------------+-------+-------++-------
Melee: Dagger            |     8 |       ||     8
       Short sword       |     1 |     1 ||     2
 Cast: Magic Dart        |    73 |     1 ||    74
 Stab: Sleeping          |     1 |       ||     1
  Eat: Chunk             |     2 |       ||     2
Armor: Robe              |     2 |     2 ||     4
Dodge: Dodged            |     9 |    10 ||    19
